[Event "FIDE WCCC Open-08 2024"]
[Site "Montesilvano"]
[Date "2024.11.26"]
[Round "11.1"]
[White "Divith Reddy Adulla"]
[Black "Li, Aiden Linyuan"]
[Result "1-0"]
[ECO "B15"]
[WhiteElo "1784"]
[BlackElo "1877"]
[Annotator "NA RC"]
[PlyCount "117"]
[EventDate "2024.11.18"]
[EventType "swiss"]
[EventCountry "ITA"]
[SourceTitle "playchess.com"]
[Source "ChessBase"]
[SourceQuality "1"]
[TimeControl "5400+30"]

1. e4 c6 2. d4 d5 3. Nc3 dxe4 4. Nxe4 Nf6 5. Nxf6+ exf6 6. Bc4 Bd6 7. Ne2 O-O 8. O-O Qc7 9. Ng3 Be6 10. Bd3 g6 11. b3 c5 12. Ne4 Nd7 13. Nxd6 Qxd6 14. dxc5 Nxc5 15. Ba3 Qc6 16. Be2 Rfd8 17. Qc1 Bd5 18. f3 Re8 19. c4 Qb6 20. Qd1 Nxb3+ 21. c5 Nxc5 22. Rb1 Qa5 23. Bb4 Qxa2 24. Bb5 Bb3 25. Qd4 Na4 26. Bxe8 Rxe8 27. Qxf6 Bc2 28. Rbe1 Rc8 29. Re7 Rf8 30. Rfe1 Qb2 31. Qxb2 Nxb2 32. Re8 Rxe8 33. Rxe8+ Kg7 34. Bc3+ f6 35. Bxb2 Kf7 36. Rb8 a5 37. Rxb7+ Ke6 38. Rxh7 a4 39. Rc7 Bb3 40. Rc6+ Kd5 41. Rxf6 Bc2 42. h4 Kc4 43. g4 Kb3 44. Bc1 Bd3 45. Rb6+ Kc2 46. Ba3 Kd2 47. Rd6 Kc3 48. Rxd3+ Kxd3 49. h5 Kc3 50. hxg6 Kb3 51. Be7 a3 52. g7 a2 53. g8=Q+ Kb2 54. Bf6+ Ka3 55. Qb8 a1=N 56. Bxa1 Ka4 57. Bc3 Ka3 58. Qb4+ Ka2 59. Qb2# 1-0

[Event "FIDE WCCC Open-08 2024"]
[Site "Montesilvano"]
[Date "2024.11.26"]
[Round "11.2"]
[White "Guo, Philipp Ziming"]
[Black "Elemes, Nurmukhamed"]
[Result "1/2-1/2"]
[ECO "E15"]
[WhiteElo "2139"]
[BlackElo "1735"]
[Annotator "NA RC"]
[PlyCount "82"]
[EventDate "2024.11.18"]
[EventType "swiss"]
[EventCountry "ITA"]
[SourceTitle "playchess.com"]
[Source "ChessBase"]
[SourceQuality "1"]
[TimeControl "5400+30"]

1. d4 Nf6 2. c4 e6 3. Nf3 b6 4. g3 Ba6 5. Qc2 Bb7 6. Bg2 c5 7. O-O cxd4 8. Nxd4 Bxg2 9. Kxg2 Qc8 10. Bg5 Qb7+ 11. f3 Be7 12. e4 Nc6 13. Nb5 O-O 14. Qd2 a6 15. N5c3 b5 16. cxb5 axb5 17. Ne2 d5 18. exd5 Nxd5 19. Nbc3 Rfd8 20. Bxe7 Ncxe7 21. Nxd5 Rxd5 22. Qe1 Rad8 23. Nc3 Rd2+ 24. Rf2 Qd7 25. Rc1 Rxf2+ 26. Qxf2 Nd5 27. a3 f5 28. Qe2 Nxc3 29. Rxc3 Qd5 30. Re3 Kf7 31. Re5 Qc4 32. Qxc4 bxc4 33. Re2 g5 34. Kf2 Kf6 35. Rc2 e5 36. Ke2 Rb8 37. a4 e4 38. fxe4 fxe4 39. a5 Ke5 40. Rxc4 Rxb2+ 41. Ke3 Rb3+ 1/2-1/2

[Event "FIDE WCCC Open-08 2024"]
[Site "Montesilvano"]
[Date "2024.11.26"]
[Round "11.3"]
[White "Rajabov, Abdurahmon"]
[Black "Sattwik Swain"]
[Result "0-1"]
[ECO "C90"]
[WhiteElo "1515"]
[BlackElo "1787"]
[Annotator "NA RC"]
[PlyCount "62"]
[EventDate "2024.11.18"]
[EventType "swiss"]
[EventCountry "ITA"]
[SourceTitle "playchess.com"]
[Source "ChessBase"]
[SourceQuality "1"]
[TimeControl "5400+30"]

1. e4 e5 2. Nf3 Nc6 3. Bb5 a6 4. Ba4 Nf6 5. O-O Be7 6. Re1 b5 7. Bb3 d6 8. d4 Nxd4 9. Nxd4 exd4 10. a4 Bb7 11. Qxd4 c5 12. Qc3 O-O 13. e5 dxe5 14. axb5 axb5 15. Rxa8 Qxa8 16. Qxe5 Re8 17. Nc3 Bf8 18. Bxf7+ Kxf7 19. Qc7+ Kg8 20. Be3 b4 21. Nb5 Qa6 22. c4 bxc3 23. Nxc3 Bd6 24. Qxd6 Qxd6 25. f3 Qd3 26. Kf2 Nd5 27. Nxd5 Bxd5 28. g4 Rf8 29. f4 Rxf4+ 30. Kg1 Rxg4+ 31. Kf2 Rg2# 0-1

[Event "FIDE WCCC Open-08 2024"]
[Site "Montesilvano"]
[Date "2024.11.26"]
[Round "11.4"]
[White "Hu, Junyan"]
[Black "Pham, Han Nam"]
[Result "1-0"]
[ECO "B36"]
[WhiteElo "1924"]
[BlackElo "1912"]
[Annotator "NA RC"]
[PlyCount "77"]
[EventDate "2024.11.18"]
[EventType "swiss"]
[EventCountry "ITA"]
[SourceTitle "playchess.com"]
[Source "ChessBase"]
[SourceQuality "1"]
[TimeControl "5400+30"]

1. e4 c5 2. Nf3 Nc6 3. d4 cxd4 4. Nxd4 g6 5. c4 Nf6 6. Nc3 Nxd4 7. Qxd4 d6 8. Be3 Bg7 9. Qd2 O-O 10. f3 a5 11. b3 a4 12. b4 Be6 13. Rc1 Nd7 14. Be2 Nb6 15. Nb5 Rc8 16. Na3 f5 17. O-O fxe4 18. fxe4 Nd7 19. Rxf8+ Nxf8 20. Rd1 Qe8 21. c5 dxc5 22. Bb5 Qf7 23. Rf1 Bf6 24. e5 c4 25. Qc3 Rd8 26. Bxc4 Bxc4 27. Nxc4 Rc8 28. Bc5 Nd7 29. exf6 Nxc5 30. Ne5 Qe6 31. f7+ Kg7 32. Ng4+ Qf6 33. Nxf6 e5 34. Ne8+ Rxe8 35. Qxe5+ Kh6 36. fxe8=Q Ne6 37. Q8xe6 a3 38. Q6f6 b5 39. Qg7# 1-0

[Event "FIDE WCCC Open-08 2024"]
[Site "Montesilvano"]
[Date "2024.11.26"]
[Round "11.5"]
[White "Xu, Zhihan (Samuel)"]
[Black "Kavish Palaniappan K"]
[Result "0-1"]
[ECO "C54"]
[WhiteElo "1881"]
[BlackElo "1589"]
[Annotator "NA RC"]
[PlyCount "94"]
[EventDate "2024.11.18"]
[EventType "swiss"]
[EventCountry "ITA"]
[SourceTitle "playchess.com"]
[Source "ChessBase"]
[SourceQuality "1"]
[TimeControl "5400+30"]

1. e4 e5 2. Nf3 Nc6 3. Bc4 Nf6 4. d3 Bc5 5. c3 d6 6. O-O O-O 7. a4 a5 8. h3 h6 9. Be3 Ba7 10. Nbd2 Be6 11. Re1 Re8 12. Bb3 Bxb3 13. Qxb3 Qd7 14. Bxa7 Rxa7 15. d4 Raa8 16. Rad1 b6 17. Qc2 Nh5 18. Nc4 f6 19. Qb3 Qf7 20. g3 Kh7 21. Nh4 Ne7 22. Re3 g5 23. Ng2 Rg8 24. dxe5 fxe5 25. Qb5 Raf8 26. Re2 Qe6 27. Kh2 Nf4 28. gxf4 gxf4 29. Ree1 f3 30. Nge3 Rf4 31. Nxe5 Rh4 32. N5g4 Rgxg4 33. Nxg4 Qxg4 34. Qf1 Ng6 35. Rd3 Nf4 36. Rxf3 Qxf3 37. Re3 Rxh3+ 38. Qxh3 Qxf2+ 39. Kh1 Nxh3 40. Rxh3 Qe1+ 41. Kh2 Qxe4 42. b3 Qc2+ 43. Kg3 Qxc3+ 44. Kh4 Qb4+ 45. Kh5 Qf4 46. Rg3 Qxg3 47. b4 Qg5# 0-1

[Event "FIDE WCCC Open-08 2024"]
[Site "Montesilvano"]
[Date "2024.11.26"]
[Round "11.6"]
[White "Badescu, Matei-Andrei"]
[Black "Morozevich, Kirill Aleks"]
[Result "1/2-1/2"]
[ECO "C24"]
[WhiteElo "1829"]
[BlackElo "1484"]
[Annotator "NA RC"]
[PlyCount "106"]
[EventDate "2024.11.18"]
[EventType "swiss"]
[EventCountry "ITA"]
[SourceTitle "playchess.com"]
[Source "ChessBase"]
[SourceQuality "1"]
[TimeControl "5400+30"]

1. e4 e5 2. Bc4 Nf6 3. d3 c6 4. Nf3 d5 5. Bb3 Bb4+ 6. Bd2 Bxd2+ 7. Nbxd2 O-O 8. O-O Re8 9. h3 Nbd7 10. Re1 Qc7 11. Qe2 b5 12. c3 Bb7 13. Bc2 Qb6 14. Qf1 Nh5 15. Kh1 g6 16. Rad1 Qc7 17. d4 a6 18. exd5 cxd5 19. dxe5 Nxe5 20. Nxe5 Rxe5 21. Rxe5 Qxe5 22. Nf3 Qf6 23. Nd4 Rc8 24. a3 Nf4 25. g3 Ne6 26. Kg2 Nc5 27. Qe2 Ne6 28. Qf3 Qxf3+ 29. Kxf3 Kg7 30. Kg2 Kf6 31. Kf1 Nxd4 32. Rxd4 Re8 33. Bb3 Ke5 34. Ke2 Kd6+ 35. Kd2 g5 36. h4 h6 37. Bd1 Re4 38. hxg5 Rxd4+ 39. cxd4 hxg5 40. b4 Bc6 41. Bg4 Bd7 42. Bh5 Ke7 43. Ke3 f5 44. Be2 Be8 45. Bd3 Ke6 46. Kf3 Bh5+ 47. Kg2 Be8 48. Bc2 Kf6 49. Bb3 Ke6 50. Kh3 Bc6 51. f4 Kf6 52. Bc2 Bd7 53. Bb3 Bc6 1/2-1/2

[Event "FIDE WCCC Open-08 2024"]
[Site "Montesilvano"]
[Date "2024.11.26"]
[Round "11.7"]
[White "Ulan, Rizat"]
[Black "Mani, Sarbartho"]
[Result "1-0"]
[ECO "C00"]
[WhiteElo "1783"]
[BlackElo "1824"]
[Annotator "NA RC"]
[PlyCount "83"]
[EventDate "2024.11.18"]
[EventType "swiss"]
[EventCountry "ITA"]
[SourceTitle "playchess.com"]
[Source "ChessBase"]
[SourceQuality "1"]
[TimeControl "5400+30"]

1. e4 e6 2. Nf3 d5 3. Nc3 d4 4. Ne2 c5 5. c3 Nc6 6. cxd4 cxd4 7. Qa4 Bc5 8. b4 Bb6 9. b5 Nce7 10. Nexd4 Nf6 11. d3 e5 12. Nb3 Be6 13. Be2 O-O 14. O-O Nd7 15. Bb2 Ng6 16. d4 Nf4 17. Bc4 Bxc4 18. Qxc4 Rc8 19. Qb4 Rc2 20. Ba3 Re8 21. g3 Ne2+ 22. Kg2 exd4 23. Nbxd4 Nxd4 24. Nxd4 Rxe4 25. Qb1 Rxd4 26. Qxc2 Ne5 27. Qb3 Nc4 28. Bc1 Qd5+ 29. Qf3 Qd7 30. Be3 Rd3 31. Rad1 h6 32. Bxb6 Nd2 33. Rxd2 Rxd2 34. Bxa7 Rxa2 35. b6 Rd2 36. Bb8 Rd3 37. Qe4 Rd4 38. Qc2 Rd2 39. Qc5 Rd5 40. Qc7 Qg4 41. Qxb7 Rh5 42. Kg1 1-0

[Event "FIDE WCCC Open-08 2024"]
[Site "Montesilvano"]
[Date "2024.11.26"]
[Round "11.8"]
[White "Morozov, Arkhip"]
[Black "Demchenko, Timofei"]
[Result "0-1"]
[ECO "A36"]
[WhiteElo "1687"]
[BlackElo "1969"]
[Annotator "NA RC"]
[PlyCount "156"]
[EventDate "2024.11.18"]
[EventType "swiss"]
[EventCountry "ITA"]
[SourceTitle "playchess.com"]
[Source "ChessBase"]
[SourceQuality "1"]
[TimeControl "5400+30"]

1. c4 g6 2. Nc3 Bg7 3. g3 Nf6 4. Bg2 O-O 5. d3 c5 6. e4 Nc6 7. Nge2 a6 8. O-O Rb8 9. a4 d6 10. h3 Ne8 11. Bd2 Nc7 12. Rb1 Ne6 13. Kh2 Bd7 14. b3 Ned4 15. Nxd4 Nxd4 16. Ne2 b5 17. Nxd4 Bxd4 18. axb5 axb5 19. Qc2 b4 20. Bc1 Ra8 21. Bh6 Re8 22. Be3 Bg7 23. Bc1 Qb6 24. Bb2 Bxb2 25. Qxb2 Ra3 26. Qc2 Rea8 27. Rb2 R8a6 28. Rfb1 Qa7 29. Bf3 h5 30. h4 e5 31. Be2 Qc7 32. Bd1 Qd8 33. Qd2 Kg7 34. Kg1 f5 35. Bf3 Qf6 36. Bd1 f4 37. Qe2 Bg4 38. Qe1 g5 39. Bxg4 hxg4 40. hxg5 Qxg5 41. gxf4 Qxf4 42. Qe2 Kg6 43. Kg2 Ra1 44. Kg1 Kg5 45. Kg2 Kh4 46. Kg1 R6a2 47. Qf1 Rxb2 48. Rxa1 g3 49. Ra8 gxf2+ 50. Kh1 Qf3+ 51. Kh2 Qg3+ 52. Kh1 Qh3+ 53. Qxh3+ Kxh3 54. Rh8+ Kg3 55. Rg8+ Kf3 56. Rf8+ Ke2 57. Kg2 Kxd3 58. Rxf2 Rxf2+ 59. Kxf2 Kxe4 60. Ke2 Kd4 61. Kd2 e4 62. Ke2 Kc3 63. Ke3 Kxb3 64. Kxe4 Kxc4 65. Kf5 b3 66. Ke6 b2 67. Kxd6 b1=Q 68. Ke5 Qd3 69. Ke6 Qd5+ 70. Kf6 Kd4 71. Kg6 Qe5 72. Kf7 Qd6 73. Kg7 Qe6 74. Kf8 Qd7 75. Kg8 Qe7 76. Kh8 Ke5 77. Kg8 Kf6 78. Kh8 Qg7# 0-1

[Event "FIDE WCCC Open-08 2024"]
[Site "Montesilvano"]
[Date "2024.11.26"]
[Round "11.9"]
[White "Protopopescu, Luca"]
[Black "Pera, Mikolaj"]
[Result "1-0"]
[ECO "B76"]
[WhiteElo "1818"]
[BlackElo "1446"]
[Annotator "NA RC"]
[PlyCount "65"]
[EventDate "2024.11.18"]
[EventType "swiss"]
[EventCountry "ITA"]
[SourceTitle "playchess.com"]
[Source "ChessBase"]
[SourceQuality "1"]
[TimeControl "5400+30"]

1. e4 c5 2. Nf3 d6 3. d4 cxd4 4. Nxd4 Nf6 5. Nc3 g6 6. Be3 Bg7 7. f3 O-O 8. Qd2 Nc6 9. O-O-O d5 10. Kb1 e6 11. h4 h5 12. g4 hxg4 13. Nxc6 bxc6 14. h5 gxh5 15. Bh6 Ne8 16. Rxh5 Qf6 17. Bxg7 Nxg7 18. e5 Qg6 19. Rh6 Qf5 20. Bd3 Qxe5 21. Rdh1 f5 22. Qg5 Kf7 23. f4 Qd4 24. Ne2 Qb6 25. Qf6+ Ke8 26. Qxg7 Qb7 27. Rxe6+ Kd8 28. Qxf8+ Kc7 29. Qd6+ Kb6 30. Qb4+ Kc7 31. Re7+ Bd7 32. Rxd7+ Kxd7 33. Qxb7+ 1-0

[Event "FIDE WCCC Open-08 2024"]
[Site "Montesilvano"]
[Date "2024.11.26"]
[Round "11.10"]
[White "Stankowski, Wiktor"]
[Black "Ayaan Phutane"]
[Result "0-1"]
[ECO "C07"]
[WhiteElo "1617"]
[BlackElo "1796"]
[Annotator "NA RC"]
[PlyCount "64"]
[EventDate "2024.11.18"]
[EventType "swiss"]
[EventCountry "ITA"]
[SourceTitle "playchess.com"]
[Source "ChessBase"]
[SourceQuality "1"]
[TimeControl "5400+30"]

1. e4 e6 2. d4 d5 3. Nd2 c5 4. exd5 Qxd5 5. Ngf3 cxd4 6. Bc4 Qd6 7. O-O Nf6 8. Nb3 Nc6 9. Re1 a6 10. a4 Qc7 11. Qe2 Bd6 12. h3 O-O 13. Bg5 b6 14. Bxf6 gxf6 15. Bd3 f5 16. Nbxd4 Nxd4 17. Nxd4 Kh8 18. Qf3 Bb7 19. Qh5 Rg8 20. g4 Bc5 21. c3 Bxd4 22. cxd4 Qc6 23. Kf1 Qh1+ 24. Ke2 Qf3+ 25. Kd2 Qxf2+ 26. Re2 Qf4+ 27. Ke1 Qxd4 28. Rd1 Qb4+ 29. Rdd2 Rac8 30. Bc2 Rxc2 31. gxf5 Rc1+ 32. Kf2 Qf4+ 0-1

[Event "FIDE WCCC Open-08 2024"]
[Site "Montesilvano"]
[Date "2024.11.26"]
[Round "11.11"]
[White "Meiyazhagan, Kaviinayan"]
[Black "Wang, Yihan(Ah)"]
[Result "1/2-1/2"]
[ECO "B21"]
[WhiteElo "1707"]
[BlackElo "1630"]
[Annotator "NA RC"]
[PlyCount "134"]
[EventDate "2024.11.18"]
[EventType "swiss"]
[EventCountry "ITA"]
[SourceTitle "playchess.com"]
[Source "ChessBase"]
[SourceQuality "1"]
[TimeControl "5400+30"]

1. e4 c5 2. d4 cxd4 3. c3 dxc3 4. Nxc3 Nc6 5. Nf3 d6 6. Bc4 e6 7. Bf4 a6 8. a3 Nf6 9. O-O Be7 10. Qe2 e5 11. Be3 b5 12. Ba2 O-O 13. Rac1 Bb7 14. Rfd1 Rc8 15. h3 Qd7 16. b4 Ba8 17. Nh4 g6 18. Bh6 Rfe8 19. Nf3 Bf8 20. Bxf8 Rxf8 21. Qd2 Ne7 22. Qh6 Bxe4 23. Nxe5 Qf5 24. Nxe4 Nxe4 25. Ng4 d5 26. Qh4 Qg5 27. Qxg5 Nxg5 28. Nf6+ Kg7 29. Nxd5 Nxd5 30. Bxd5 Rfd8 31. Rxc8 Rxc8 32. f4 Ne6 33. Bxe6 fxe6 34. Rd6 Kf6 35. Rxa6 Rc3 36. Ra5 Kg7 37. Rxb5 Rxa3 38. Rb7+ Kg8 39. Kh2 Rb3 40. b5 Kh8 41. Re7 Rxb5 42. Rxe6 Kg7 43. Kg3 Rb2 44. Re7+ Kg8 45. Kf3 Rb4 46. Kg4 Rb2 47. Kg5 Rb5+ 48. Kh4 Rb2 49. g4 Rb5 50. Re5 Rb3 51. f5 Kf7 52. Ra5 gxf5 53. Rxf5+ Kg7 54. Rf1 Kg6 55. Rg1 Rc3 56. Rg3 Rxg3 57. Kxg3 h5 58. Kf4 hxg4 59. hxg4 Kf6 60. g5+ Kg6 61. Kg4 Kg7 62. Kf5 Kf7 63. g6+ Kg7 64. Kg5 Kg8 65. Kf6 Kf8 66. Ke6 Kg7 67. Kd7 Kxg6 1/2-1/2

[Event "FIDE WCCC Open-08 2024"]
[Site "Montesilvano"]
[Date "2024.11.26"]
[Round "11.12"]
[White "Adilbek, Adinur"]
[Black "Zhu, Daniel"]
[Result "0-1"]
[ECO "D11"]
[WhiteElo "1651"]
[BlackElo "2050"]
[Annotator "NA RC"]
[PlyCount "108"]
[EventDate "2024.11.18"]
[EventType "swiss"]
[EventCountry "ITA"]
[SourceTitle "playchess.com"]
[Source "ChessBase"]
[SourceQuality "1"]
[TimeControl "5400+30"]

1. d4 Nf6 2. Nf3 d5 3. g3 c6 4. Bg2 Bf5 5. O-O e6 6. c4 Nbd7 7. cxd5 cxd5 8. Nc3 h6 9. Bf4 a6 10. Rc1 Rc8 11. a3 Be7 12. Qb3 b5 13. Na2 Rc4 14. Nb4 Qb6 15. Nd2 a5 16. Na2 Rxc1 17. Rxc1 O-O 18. Nf3 Qa6 19. Ne5 Nxe5 20. Bxe5 Ne4 21. Bxe4 Bxe4 22. f3 Bh7 23. Rc7 Bg5 24. Kg2 b4 25. Qd1 b3 26. Nc3 Bc2 27. Qg1 f6 28. Bf4 Bxf4 29. gxf4 Qd6 30. Ra7 Qxf4 31. Kh1 Rf7 32. Rxa5 f5 33. Qg6 Qe3 34. Ra6 Rf6 35. Qg1 Qd2 36. Ra7 g6 37. Ra8+ Kg7 38. Ra7+ Rf7 39. Ra6 f4 40. Rb6 Re7 41. Rb4 Rc7 42. a4 Rxc3 43. Rb7+ Kf6 44. bxc3 Qxe2 45. h3 Qxf3+ 46. Qg2 Qd1+ 47. Kh2 Be4 48. Rxb3 Bxg2 49. Kxg2 Qxb3 50. a5 Qxc3 51. a6 Qg3+ 52. Kf1 f3 53. a7 Qg2+ 54. Ke1 Qe2# 0-1

[Event "FIDE WCCC Open-08 2024"]
[Site "Montesilvano"]
[Date "2024.11.26"]
[Round "11.13"]
[White "Le, Khai"]
[Black "Nurshin, Nurali"]
[Result "1/2-1/2"]
[ECO "E05"]
[WhiteElo "1808"]
[BlackElo "1612"]
[Annotator "NA RC"]
[PlyCount "219"]
[EventDate "2024.11.18"]
[EventType "swiss"]
[EventCountry "ITA"]
[SourceTitle "playchess.com"]
[Source "ChessBase"]
[SourceQuality "1"]
[TimeControl "5400+30"]

1. d4 Nf6 2. c4 e6 3. Nf3 d5 4. g3 Be7 5. Bg2 O-O 6. O-O dxc4 7. Qc2 c5 8. Rd1 Qc7 9. Bf4 Qb6 10. Na3 cxd4 11. Nxc4 Qc5 12. Nxd4 Nd5 13. Nb3 Qc6 14. Rac1 Rd8 15. Qb1 Qe8 16. Be5 Nc6 17. Bd4 Nxd4 18. Nxd4 Bg5 19. f4 Bf6 20. e4 Ne3 21. Nxe3 Bxd4 22. Rd3 e5 23. fxe5 Qxe5 24. Kh1 Be6 25. Rcd1 h5 26. R1d2 Qg5 27. h4 Qf6 28. Qd1 Bb6 29. Nd5 Bxd5 30. Rxd5 Rxd5 31. exd5 Qe5 32. Kh2 Rd8 33. d6 Qe3 34. Bxb7 Bc7 35. Re2 Rxd6 36. Qc2 Rc6 37. Bxc6 Qxg3+ 38. Kh1 Qh3+ 39. Kg1 Bb6+ 40. Rf2 Qxh4 41. Bd5 Qg4+ 42. Bg2 h4 43. Kh1 Bxf2 44. Qxf2 Qd1+ 45. Qg1 Qg4 46. Qxa7 g6 47. Qa8+ Kg7 48. Qf3 Qg5 49. Qc3+ Kh7 50. a4 Qg4 51. a5 Qd1+ 52. Kh2 Qd6+ 53. Kg1 Qd1+ 54. Kf2 Qd6 55. b4 g5 56. Be4+ Kg8 57. Qc8+ Kg7 58. Qc3+ f6 59. b5 Qh2+ 60. Bg2 Qf4+ 61. Qf3 Qd4+ 62. Qe3 Qb2+ 63. Kg1 Qxb5 64. Qe7+ Kg6 65. Be4+ f5 66. Qe6+ Kh5 67. Qxf5 Qc4 68. Bf3+ Kh6 69. Qf6+ Kh7 70. Qe7+ Kh6 71. Qd6+ Kg7 72. Qe5+ Kh6 73. Qe2 Qc5+ 74. Kg2 Qxa5 75. Qe6+ Kg7 76. Qe7+ Kg8 77. Be4 Qd2+ 78. Kh3 Qe3+ 79. Kh2 Qf2+ 80. Bg2 Qf4+ 81. Kg1 Qc1+ 82. Bf1 Qf4 83. Qe8+ Kg7 84. Qe7+ Kg8 85. Qe6+ Kg7 86. Bc4 Qg3+ 87. Kf1 Qf4+ 88. Ke2 Qh2+ 89. Kd3 Qg3+ 90. Kc2 Qf2+ 91. Kb3 Qf3+ 92. Ka4 Qa8+ 93. Kb5 Qb7+ 94. Kc5 Qc7+ 95. Kd4 Qf4+ 96. Kc3 Qf3+ 97. Bd3 Qf6+ 98. Qxf6+ Kxf6 99. Kd2 Ke5 100. Ke3 g4 101. Be4 h3 102. Ba8 Kf5 103. Kf2 Kf4 104. Kg1 Ke3 105. Bb7 g3 106. Bc8 h2+ 107. Kg2 h1=Q+ 108. Kxh1 Kf2 109. Bh3 g2+ 110. Bxg2 1/2-1/2

[Event "FIDE WCCC Open-08 2024"]
[Site "Montesilvano"]
[Date "2024.11.26"]
[Round "11.14"]
[White "Zhang, Yangming"]
[Black "Agar, Garig"]
[Result "1/2-1/2"]
[ECO "C47"]
[WhiteElo "1770"]
[BlackElo "1534"]
[Annotator "NA RC"]
[PlyCount "106"]
[EventDate "2024.11.18"]
[EventType "swiss"]
[EventCountry "ITA"]
[SourceTitle "playchess.com"]
[Source "ChessBase"]
[SourceQuality "1"]
[TimeControl "5400+30"]

1. e4 e5 2. Nf3 Nc6 3. d4 exd4 4. Nxd4 Nf6 5. Nxc6 bxc6 6. Bd3 d5 7. Nc3 Bb4 8. exd5 cxd5 9. O-O O-O 10. Bg5 Be6 11. Qf3 Be7 12. h3 Rb8 13. b3 h6 14. Bh4 c5 15. Rad1 d4 16. Ne4 Nd5 17. Bxe7 Qxe7 18. Rfe1 Rfe8 19. a3 Qc7 20. Bc4 Nb6 21. Bxe6 Rxe6 22. c3 dxc3 23. Qxc3 Rbe8 24. Ng3 Rxe1+ 25. Rxe1 Rxe1+ 26. Qxe1 Qd7 27. Qe3 c4 28. bxc4 Nxc4 29. Qb3 Nb6 30. Qe3 Qd1+ 31. Kh2 Qa4 32. Nf5 Qb5 33. Ne7+ Kf8 34. Qe4 Qc5 35. Nf5 Qxf2 36. Qe5 Qc2 37. Qxg7+ Ke8 38. Qg8+ Kd7 39. Qxf7+ Kc6 40. Nxh6 Qc1 41. Qf8 Kb7 42. g4 Qc7+ 43. Kg2 Qc2+ 44. Kg3 Qc1 45. Kh4 Nd5 46. g5 Nf4 47. Qf7+ Ka6 48. g6 Ng2+ 49. Kg4 Qxh6 50. Qf6+ Kb7 51. Qg5 Ne3+ 52. Kf4 Nd5+ 53. Kf5 Qxh3+ 1/2-1/2

[Event "FIDE WCCC Open-08 2024"]
[Site "Montesilvano"]
[Date "2024.11.26"]
[Round "11.15"]
[White "Singh, Ian Avery"]
[Black "Jevglevski, Lev"]
[Result "1-0"]
[ECO "C02"]
[WhiteElo "1713"]
[BlackElo "1602"]
[Annotator "NA RC"]
[PlyCount "81"]
[EventDate "2024.11.18"]
[EventType "swiss"]
[EventCountry "ITA"]
[SourceTitle "playchess.com"]
[Source "ChessBase"]
[SourceQuality "1"]
[TimeControl "5400+30"]

1. e4 e6 2. d4 d5 3. e5 c5 4. c3 Qb6 5. Nf3 Nc6 6. Bd3 cxd4 7. O-O Bd7 8. Re1 a5 9. Nbd2 a4 10. Rb1 Nge7 11. h4 f6 12. exf6 gxf6 13. cxd4 Nxd4 14. Nxd4 Qxd4 15. Nc4 Qxh4 16. Nd6+ Kd8 17. Nf7+ Kc7 18. Nxh8 Bg7 19. Nf7 Rf8 20. g3 Qh3 21. Bf4+ e5 22. Nxe5 fxe5 23. Qc2+ Nc6 24. Bxe5+ Bxe5 25. Rxe5 Kd6 26. Bf1 Qg4 27. Re3 Bf5 28. Qd1 Qb4 29. Bd3 Bg4 30. Qe1 Qb6 31. b3 axb3 32. Rxb3 Qc7 33. Qd2 Qf7 34. Bc4 Qh5 35. Bxd5 Kc7 36. Bxc6 bxc6 37. Re7+ Kc8 38. Rb8+ Kxb8 39. Qd6+ Ka8 40. Qxc6+ Kb8 41. Qb7# 1-0

[Event "FIDE WCCC Open-08 2024"]
[Site "Montesilvano"]
[Date "2024.11.26"]
[Round "11.16"]
[White "Sahin, Bora"]
[Black "Bausys, Benas"]
[Result "0-1"]
[ECO "B23"]
[WhiteElo "1703"]
[BlackElo "1564"]
[Annotator "NA RC"]
[PlyCount "120"]
[EventDate "2024.11.18"]
[EventType "swiss"]
[EventCountry "ITA"]
[SourceTitle "playchess.com"]
[Source "ChessBase"]
[SourceQuality "1"]
[TimeControl "5400+30"]

1. e4 c5 2. Nc3 a6 3. g3 Nc6 4. Nge2 e5 5. Nd5 d6 6. Bg2 g6 7. d3 Bg7 8. O-O Nge7 9. Bg5 O-O 10. Nf6+ Kh8 11. Qd2 h6 12. Bxh6 Bxf6 13. Bxf8 Qxf8 14. c3 b5 15. Kh1 Bb7 16. g4 g5 17. Qe3 Ng6 18. Ng3 Rd8 19. Nf5 Qg8 20. Qh3+ Qh7 21. Qxh7+ Kxh7 22. Rfc1 Nf4 23. Bf1 d5 24. Rd1 Ba8 25. f3 b4 26. Rab1 Kg6 27. a3 b3 28. Rbc1 a5 29. Ne3 a4 30. c4 dxe4 31. dxe4 Nd4 32. Bg2 Rh8 33. Nd5 Bc6 34. Nxf4+ exf4 35. Rd2 Be5 36. Rcd1 Bb7 37. Kg1 Ba6 38. Rc1 Rd8 39. Kf2 Rh8 40. h3 f6 41. Bf1 Nc2 42. Rd7 Bxb2 43. Rcd1 Bd4+ 44. Ke2 Bxc4+ 45. Kd2 Bxf1 46. Rxf1 Nxa3 47. Ra7 b2 48. Rb7 c4 49. Rc7 c3+ 50. Rxc3 Bxc3+ 51. Kxc3 b1=Q 52. Rxb1 Nxb1+ 53. Kd4 a3 54. h4 a2 55. h5+ Kf7 56. Kd5 a1=Q 57. e5 Rd8+ 58. Kc4 Qc3+ 59. Kb5 Rb8+ 60. Ka4 Qa3# 0-1

[Event "FIDE WCCC Open-08 2024"]
[Site "Montesilvano"]
[Date "2024.11.26"]
[Round "11.17"]
[White "Sivan, Leeor"]
[Black "Huzela, Lukyan"]
[Result "0-1"]
[ECO "A28"]
[WhiteElo "1464"]
[BlackElo "1651"]
[Annotator "NA RC"]
[PlyCount "46"]
[EventDate "2024.11.18"]
[EventType "swiss"]
[EventCountry "ITA"]
[SourceTitle "playchess.com"]
[Source "ChessBase"]
[SourceQuality "1"]
[TimeControl "5400+30"]

1. c4 e5 2. Nc3 Bb4 3. d3 Nf6 4. Nf3 Nc6 5. a3 Bxc3+ 6. bxc3 e4 7. dxe4 Nxe4 8. Qd3 Qe7 9. g3 O-O 10. Bg2 Re8 11. Be3 b6 12. O-O Ba6 13. Nd4 Nxd4 14. Qxd4 c5 15. Qd3 Rad8 16. Qc2 Bxc4 17. Qa4 d5 18. Bxe4 Qxe4 19. Qxa7 d4 20. Bf4 Bxe2 21. Rfe1 d3 22. Ra2 Qc6 23. Bd2 Ra8 0-1

[Event "FIDE WCCC Open-08 2024"]
[Site "Montesilvano"]
[Date "2024.11.26"]
[Round "11.18"]
[White "Ranganathan, Aadith"]
[Black "Zhanabayev, Arystan"]
[Result "0-1"]
[ECO "B24"]
[WhiteElo "1645"]
[BlackElo "1524"]
[Annotator "NA RC"]
[PlyCount "134"]
[EventDate "2024.11.18"]
[EventType "swiss"]
[EventCountry "ITA"]
[SourceTitle "playchess.com"]
[Source "ChessBase"]
[SourceQuality "1"]
[TimeControl "5400+30"]

1. e4 c5 2. Nc3 Nc6 3. Nge2 g6 4. g3 Bg7 5. Bg2 e6 6. O-O Nge7 7. d3 O-O 8. Be3 Nd4 9. Nf4 d6 10. h4 e5 11. Nfd5 h5 12. Nxe7+ Qxe7 13. Nd5 Qd8 14. c3 Nc6 15. Bg5 f6 16. Be3 Be6 17. Qd2 Kh7 18. f4 f5 19. Rf2 Bxd5 20. exd5 Ne7 21. d4 cxd4 22. cxd4 e4 23. Bf1 Nxd5 24. Bc4 Nxe3 25. Qxe3 Qb6 26. Rd1 Rac8 27. Bb3 Rfd8 28. Qd2 d5 29. Qe3 a5 30. Rfd2 Qa6 31. a3 b5 32. Kg2 a4 33. Ba2 Rd6 34. Re2 Qb6 35. Red2 b4 36. axb4 Qxb4 37. Kh2 Qb5 38. Qa3 Bf8 39. b3 Ra6 40. bxa4 Rxa4 41. Qb3 Qxb3 42. Bxb3 Ra3 43. Bxd5 Rcc3 44. Rg2 Rd3 45. Rb1 Rxd4 46. Rb7+ Bg7 47. Rc2 Rxd5 48. Rcc7 Ra2+ 49. Kh3 Rdd2 50. Rxg7+ Kh8 51. Rh7+ Kg8 52. Rhg7+ Kf8 53. Rgf7+ Ke8 54. Rfe7+ Kd8 55. Red7+ Rxd7 56. Rxd7+ Kxd7 57. g4 hxg4+ 58. Kg3 Ra3+ 59. Kg2 Rf3 60. h5 gxh5 61. Kg1 h4 62. Kg2 h3+ 63. Kh2 e3 64. Kg1 Rf2 65. Kh1 g3 66. Kg1 Rf3 67. Kh1 Rf1# 0-1

[Event "FIDE WCCC Open-08 2024"]
[Site "Montesilvano"]
[Date "2024.11.26"]
[Round "11.20"]
[White "Charyyev Charyhekim"]
[Black "Batbileg, Boldbaatar"]
[Result "0-1"]
[ECO "D00"]
[WhiteElo "1589"]
[BlackElo "1623"]
[Annotator "NA RC"]
[PlyCount "70"]
[EventDate "2024.11.18"]
[EventType "swiss"]
[EventCountry "ITA"]
[SourceTitle "playchess.com"]
[Source "ChessBase"]
[SourceQuality "1"]
[TimeControl "5400+30"]

1. d4 d5 2. Bf4 Nf6 3. e3 e6 4. c3 Bd6 5. Bg3 c5 6. Nf3 Qc7 7. Ne5 Nbd7 8. Bb5 O-O 9. Bxd7 Nxd7 10. Nxd7 Bxd7 11. f4 Bb5 12. a4 Ba6 13. Na3 cxd4 14. Qxd4 Bc5 15. Qd2 Qb6 16. Bf2 Qb3 17. Qc2 Qxc2 18. Nxc2 Bd3 19. O-O-O Be4 20. Rhg1 a6 21. Nd4 b5 22. Nb3 Be7 23. Nd2 Bg6 24. axb5 axb5 25. e4 dxe4 26. Be3 b4 27. c4 Bf6 28. Nb3 Rfc8 29. c5 e5 30. fxe5 Bxe5 31. h3 Ra2 32. Rd2 f5 33. g3 Bf7 34. Nd4 Ra1+ 35. Kc2 Rxc5# 0-1